 Dungeon Crawl Stone Soup version 0.31-a0-175-g9f7f995f2b (webtiles) character file.

Game seed: 6020056918530018500

1659 Zonian the Sneak (level 9, 0/48 HPs)
             Began as a Vine Stalker Gladiator on June 17, 2023.
             Was a Follower of Nemelex Xobeh.
             Slain by a human (6 damage)
             ... on level 6 of the Dungeon.
             The game lasted 00:09:08 (4246 turns).

Zonian the Sneak (Vine Stalker Gladiator)           Turns: 4246, Time: 00:09:09

Health: 0/48       AC:  6    Str: 21    XL:     9   Next: 0%
Magic:  0/10       EV: 12    Int:  8    God:    Nemelex Xobeh [*.....]
Gold:   304        SH:  3    Dex: 16    Spells: 8/8 levels left

rFire   . .          .
                       - Unarmed
rCold   . . .        i - +0 buckler
rNeg    . . .        a - +0 leather armour
rPois   .            b - +0 helmet
rElec   .            A - +0 cloak
rCorr   .            (no gloves)
SInv    .            x - +0 pair of boots
Will    +....        (no amulet)
Stlth   ++++         (no ring)
HPRegen 1.08/turn    (no ring)
MPRegen 0.12/turn

%: guardian spirit
@: no status effects
A: fangs 3, regeneration 1, magic shield, antimagic bite, no potion heal 2
a: Renounce Religion, Draw Escape, Draw Destruction, Draw Summoning


You were on level 6 of the Dungeon.
You worshipped Nemelex Xobeh.
Nemelex Xobeh was aware of your devotion.
You visited 1 branch of the dungeon, and saw 6 of its levels.

You collected 304 gold pieces.

Inventory:

Hand Weapons
 e - a +0 whip of venom
Missiles
 c - a throwing net (quivered)
 d - a javelin
 r - 3 poisoned darts
Armour
 a - a +0 leather armour (worn)
 b - a +0 helmet (worn)
 i - a +0 buckler (worn)
 x - a +0 pair of boots (worn)
 A - a +0 cloak (worn)
Jewellery
 f - an amulet of faith
 u - a ring of wizardry
Wands
 y - a wand of flame (26)
Scrolls
 h - 2 scrolls of amnesia {unknown}
 j - 3 scrolls of fear {unknown}
 m - a scroll of immolation {unknown}
 n - 3 scrolls of teleportation
 o - a scroll of vulnerability {unknown}
 s - a scroll of fog {unknown}
 t - 2 scrolls of noise {unknown}
 w - a scroll of brand weapon {unknown}
 B - 2 scrolls of enchant armour {unknown}
 D - 3 scrolls of enchant weapon {unknown}
Potions
 g - a potion of heal wounds
 k - 6 potions of curing
 l - 2 potions of cancellation
 p - 3 potions of lignification
 q - a potion of haste
 v - a potion of enlightenment
 z - 4 potions of degeneration
 C - a potion of resistance


   Skills:
 + Level 6.1 Fighting
 - Level 2.1 Throwing
 - Level 2.7 Dodging
 + Level 7.8 Stealth
 + Level 7.0 Unarmed Combat


You had 8 spell levels left.
You didn't know any spells.
Your spell library was empty.

Dungeon Overview and Level Annotations

Branches:
Dungeon (6/15)
 Temple: D:4-7

Altars:
Nemelex Xobeh
Trog


Innate Abilities, Weirdness & Mutations

You have razor-sharp teeth.
Your natural rate of healing is unusually fast.
When hurt, damage is shared between your health and your magic reserves.
Your bite disrupts and absorbs the magic of your enemies.
Potions cannot restore your health.


Message History

The human barely misses you. The human misses you.
You punch the human!
The human is heavily wounded.
The human barely misses you. The human closely misses you.
Unknown command.
You barely miss the human.
The human is heavily wounded.
The human closely misses you. You block the human's attack.
The human hits you with a +0 club! x2
You hit the human but do no damage. Your bite misses the human.
The human is heavily wounded.
The human hits you. The human completely misses you.
The human hits you with a +0 club. The human barely misses you.
You hit the human.
The human is heavily wounded.
The human hits you. The human closely misses you.
The human hits you with a +0 club!
* * * LOW HITPOINT WARNING * * *
The human hits you with a +0 club.
* * * LOW HITPOINT WARNING * * *
Okay, then.
Okay, then.
You draw a card...
You have drawn Pain.
Press: ? - help, Shift-Dir - straight line, f - human
Aim: a human, wearing a +0 animal skin
Okay, then.
Really abort (and waste the card)? [Y]es or [N]o only, please.
Really abort (and waste the card)? [Y]es or [N]o only, please.
Really abort (and waste the card)? [Y]es or [N]o only, please.
Really abort (and waste the card)?
Aiming: Pain
Press: ? - help, Shift-Dir - straight line, f - human
Aim: a human, wearing a +0 animal skin The human convulses!
The human hits you!
You die...
Your body disappears without a glow.

p.## #...# . #(
#...# #. #...# .
#.# #...# ..###..
#...# .......
#...# .......
#...#
.....Dp#######...#
.....pp@#........#
.....#pp#.......##
####............#
##############


You could see 5 humans and a steam dragon.

Vanquished Creatures
  Pikel (D:4)
  Sigmund (D:3)
  2 black bears (D:6)
  2 ice beasts (D:5)
  An ogre (D:5)
  2 scorpions (D:5)
  A howler monkey (D:5)
  Crazy Yiuf (D:3)
  3 orc priests
  3 hounds (D:5)
  Ijyb (D:3)
  An iguana (D:5)
  Natasha (thrice) (D:3)
  5 adders
  A worm (D:4)
  6 dart slugs
  14 orcs
  7 ball pythons
  3 bats
  6 endoplasms
  A giant cockroach (D:2)
  5 hobgoblins
  6 kobolds
  2 quokkas
  A frilled lizard (D:3)
  9 goblins
  4 rats
92 creatures vanquished.

Notes
Turn   | Place    | Note
-------+----------+-------------------------------------------
     0 | D:1      | Zonian the Vine Stalker Gladiator began the quest for the
                  | Orb.
     0 | D:1      | Reached XP level 1. HP: 11/11 MP: 2/2
     6 | D:1      | Noticed a lindwurm
     6 | D:1      | Noticed a killer bee
     6 | D:1      | Noticed a swamp drake
     7 | D:1      | Noticed a polar bear
     7 | D:1      | Noticed a wolf
   134 | D:1      | Reached XP level 2. HP: 14/15 MP: 3/3
   498 | D:1      | Reached XP level 3. HP: 17/18 MP: 4/4
  1572 | D:3      | Found a sparkling altar of Nemelex Xobeh.
  1621 | D:3      | Became a worshipper of Nemelex Xobeh the Trickster
  1753 | D:3      | Found a runed translucent door.
  1754 | D:3      | Noticed Crazy Yiuf
  1906 | D:3      | Noticed Natasha
  1913 | D:3      | Killed Natasha
  1914 | D:3      | Reached skill level 1 in Stealth
  1914 | D:3      | Gained mutation: Your natural rate of healing is unusually
                  | fast. [Vine Stalker growth]
  1914 | D:3      | Reached XP level 4. HP: 23/23 MP: 5/5
  2109 | D:3      | Noticed Ijyb
  2109 | D:3      | Noticed Natasha
  2120 | D:3      | Killed Natasha
  2126 | D:3      | Killed Ijyb
  2127 | D:3      | Reached XP level 5. HP: 16/28 MP: 3/6
  2255 | D:3      | Noticed Sigmund
  2401 | D:3      | Killed Sigmund
  2402 | D:3      | Reached XP level 6. HP: 22/32 MP: 7/7
  2422 | D:3      | Noticed Natasha
  2437 | D:3      | Killed Natasha
  2516 | D:3      | Killed Crazy Yiuf
  2636 | D:4      | Found a bloodstained altar of Trog.
  2689 | D:4      | Reached * piety under Nemelex Xobeh
  2971 | D:4      | Noticed Pikel
  3002 | D:4      | Killed Pikel
  3003 | D:4      | Reached skill level 5 in Stealth
  3003 | D:4      | Reached skill level 5 in Unarmed Combat
  3003 | D:4      | Reached XP level 7. HP: 7/38 MP: 2/8
  3003 | D:4      | Gained mutation: You have razor-sharp teeth. [Vine Stalker
                  | growth]
  3003 | D:4      | Reached XP level 8. HP: 8/42 MP: 2/9
  3362 | D:5      | Entered Level 5 of the Dungeon
  3378 | D:5      | Reached skill level 5 in Fighting
  3379 | D:5      | HP: 2/43 [scorpion (5)]
  3710 | D:5      | Received a gift from Nemelex Xobeh
  4240 | D:6      | Reached XP level 9. HP: 43/48 MP: 8/10
  4246 | D:6      | Slain by a human

Illustrated notes

Levels and vault maps discovered:
D:1:      onia_arrival_zoo_common, layout_basic
D:2:      layout_loops_ring, serial_bayou_pond_c
D:3:      layout_basic, mainiacjoe_overflow_six_doors_small, uniq_sigmund,
          uniq_crazy_yiuf_cottage, uniq_natasha, uniq_ijyb
D:4:      layout_basic, nicolae_overflow_hidden_temple,
          mainiacjoe_overflow_chevrons, uniq_pikel
D:5:      layout_basic
D:6:      layout_loops_ring, nicolae_dithmenos_through_a_glass_darkly,
          elyvilon_altar_3, grunt_decor_fettered, minmay_ruffians

Skill      XL: |  1  2  3  4  5  6  7  8 |
---------------+-------------------------+-----
Fighting       | 2 3 4 6 |  6.1
Throwing       | 2 |  2.1
Stealth        | 1 2 3 5 7 |  7.8
Unarmed Combat | 4 5 7 |  7.0
Dodging        | |  2.7

Action                     |  1- 3 |  4- 6 |  7- 9 || total
---------------------------+-------+-------+-------++-------
  Melee: Whip              |    82 |    19 |       ||   101
         Bite              |    17 |    33 |    27 ||    77
         Punch             |     1 |       |       ||     1
         Unarmed           |       |    80 |    93 ||   173
  Throw: Throwing net      |       |     2 |     1 ||     3
         Javelin           |       |       |     1 ||     1
 Invoke: Draw Escape       |       |       |     1 ||     1
         Draw Destruction  |       |       |     1 ||     1
  Evoke: Wand              |       |     6 |     3 ||     9
    Use: Scroll            |       |     6 |     3 ||     9
         Potion            |       |       |     1 ||     1
   Stab: Sleeping          |     1 |     2 |     3 ||     6
         Held in net/web   |       |     1 |       ||     1
         Distracted        |       |       |     1 ||     1
 Armour: Leather armour    |    24 |    11 |    32 ||    67
  Dodge: Dodged            |    46 |    44 |    54 ||   144
  Block: Buckler           |     5 |    10 |    20 ||    35

Table legend: (Time is in decaauts)
 A = Elapsed time spent in this place.
 B = Non-inter-level travel time spent in this place.
 C = Inter-level travel time spent in this place.
 D = Time resting spent in this place.
 E = Time spent auto-exploring this place.
 F = Levels seen in this place.
 G = Mean time per level.
                   A        B        C        D        E       F      G
               +--------+--------+--------+--------+--------+-----+--------+
         Total |   4245 |   4071 |    174 |    340 |   2804 |   6 |  707.5 |
       Dungeon |   4245 |   4071 |    174 |    340 |   2804 |   6 |  707.5 |
               +--------+--------+--------+--------+--------+-----+--------+

Top non-repeatable levels by time:
     D:3: 1075 daAuts
     D:1: 809 daAuts
     D:4: 798 daAuts
     D:5: 749 daAuts
     D:2: 743 daAuts
     D:6: 70 daAuts
